 Dungeon Crawl Stone Soup version 0.28-a0-533-g9f97627e2a (webtiles) character file.

Game seed: 6550034064307501048

117 willcat the Covert (level 5, -3/36 HPs)
             Began as an Octopode Delver on Sept 26, 2021.
             Slain by a centaur (6 damage)
             ... on level 6 of the Dungeon.
             The game lasted 00:01:42 (552 turns).

willcat the Covert (Octopode Delver)                 Turns: 552, Time: 00:01:43

Health: -3/36      AC:  1    Str: 11    XL:     5   Next: 1%
Magic:  5/5        EV: 13    Int: 13    God:
Gold:   16         SH:  4    Dex: 14    Spells: 4/4 levels left

rFire   . . .      SeeInvis .   a - +0 short sword
rCold   . . .      Faith    .   g - +0 buckler
rNeg    . . .      Spirit   .   (helmet restricted)
rPois   .          Reflect  .   (no amulet)
rElec   .          Harm     .   (no ring)
rCorr   .          Rampage  .   (no ring)
Will    .....                   (no ring)
Stlth   +++++.....              (no ring)
HPRegen 0.12/turn               (no ring)
MPRegen 0.09/turn               (no ring)
                                (no ring)
                                (no ring)

@: hasted, very quick
A: almost no armour, amphibious, 8 rings, camouflage 1, gelatinous body 1,
(nimble swimmer 1), tentacles
a: no special abilities


You were on level 6 of the Dungeon.
You visited 1 branch of the dungeon, and saw 2 of its levels.

You collected 16 gold pieces.

Inventory:

Hand Weapons
 a - a +0 short sword (weapon)
Armour
 g - a +0 buckler (worn)
Wands
 d - a wand of acid (5)
 f - a wand of digging (3)
Scrolls
 b - a scroll of fog
 c - a scroll of magic mapping


   Skills:
 - Level 3.0 Fighting
 + Level 2.3 Short Blades
 + Level 2.1 Dodging
 + Level 8.3 Stealth
 * Level 1.8 Shields
 * Level 1.2 Evocations


You had 4 spell levels left.
You didn't know any spells.
Your spell library was empty.

Dungeon Overview and Level Annotations

Branches:
Dungeon (6/15)
 Temple: D:4-7

Altars:


Innate Abilities, Weirdness & Mutations

You cannot wear most types of armour.
You are amphibious.
You can wear up to eight rings at the same time.
Your skin changes colour to match your surroundings (Stealth+).
Your rubbery body absorbs attacks. (AC +1, EV +1)
((You are camouflaged near water. (Stealth+)))
You have tentacles for arms and can constrict up to eight enemies at once.


Message History

Unknown command.
Okay, then.
You hit the hound. Your grab misses the hound.
The hound is almost dead.
The hound barely misses you. The hound misses you.
Unknown command.
You feel yourself speed up. The hound misses you.
You hit the hound but do no damage. Your grab misses the hound.
The hound is almost dead.
You block the hound's attack.
You barely miss the hound. You grab the hound.
The hound is almost dead.
You constrict the hound. The hound barely misses you.
The hound closely misses you.
Unknown command.
You hit the hound but do no damage.
The hound is almost dead.
You constrict the hound.
You kill the hound!
You have reached level 5!
You feel agile.
You barely miss the centaur.
The centaur unwields a +0 shortbow.
The centaur hits you.
* * * LOW HITPOINT WARNING * * *
The centaur barely misses you.
Unknown command.
You barely miss the centaur. You block the centaur's attack.
The centaur kicks you.
* * * LOW HITPOINT WARNING * * *
Unknown command.
The hound barks!
You hit the centaur.
The centaur is lightly wounded.
The centaur closely misses you. The centaur kicks you.
* * * LOW HITPOINT WARNING * * *
Unknown command.
You barely miss the centaur.
The centaur is lightly wounded.
The centaur hits you.
You die...

..#.##.### .... ..
#......$.## ..... ...
#........###.........
#<........##.... .
####h.#.#.#.....
..##.##..###.....$.
..........#........
.##.....c.....#
........#@#####
..#.#.#c### .........
..#.#.#.c.
..........#
..#.#.#....
............
............#


You could see a centaur and a hound.

Vanquished Creatures
  A scorpion (D:5)
  A hound (D:6)
  Ijyb (D:5)
  A shadow imp (D:5)
4 creatures vanquished.

Notes
Turn   | Place    | Note
-------+----------+-------------------------------------------
     0 | D:5      | willcat the Octopode Delver began the quest for the Orb.
     0 | D:5      | Reached XP level 1. HP: 16/16 MP: 1/1
     5 | D:5      | Noticed a scorpion
    94 | D:5      | Noticed Ijyb
    96 | D:5      | Killed Ijyb
    97 | D:5      | Reached skill level 7 in Stealth
    97 | D:5      | Reached skill level 1 in Shields
    97 | D:5      | Reached XP level 2. HP: 21/21 MP: 2/2
    97 | D:5      | Reached XP level 3. HP: 26/26 MP: 3/3
   233 | D:5      | Killed a scorpion
   234 | D:5      | Reached skill level 8 in Stealth
   234 | D:5      | Reached skill level 1 in Evocations
   234 | D:5      | Reached XP level 4. HP: 31/31 MP: 4/4
   539 | D:6      | Noticed a centaur
   548 | D:6      | Reached XP level 5. HP: 12/36 MP: 5/5
   552 | D:6      | Slain by a centaur

Illustrated notes

Levels and vault maps discovered:
D:5:      layout_basic, nicolae_ashenzari_panopticon, nzn_wu_jian_council_hall,
          serial_park_tiny_2, kennysheep_minor_cross, uniq_ijyb
D:6:      layout_cave_pools, grunt_gozag_statues, serial_glass, glass_columns_c,
          glass_columns_a, glass_columns_c, glass_columns_a, glass_columns_b,
          glass_columns_b, glass_columns_a, glass_columns_a,
          due_unseen_surprise, uniq_eustachio

Skill      XL: |  1  2  3 |
---------------+----------+-----
Stealth        | 7 8 |  8.3
Shields        | 1 |  1.8
Evocations     | 1 |  1.2
Fighting       | |  3.0
Short Blades   | |  2.3
Dodging        | |  2.1

Action                   |  1- 3 |  4- 6 || total
-------------------------+-------+-------++-------
Melee: Short sword       |     7 |    15 ||    22
       Constrict         |     2 |     2 ||     4
       Tentacles         |     1 |       ||     1
Evoke: Wand              |     1 |       ||     1
  Use: Scroll            |     1 |       ||     1
       Potion            |       |     1 ||     1
 Stab: Sleeping          |     1 |       ||     1
Armor: Skin              |     1 |       ||     1
Dodge: Dodged            |     2 |    12 ||    14
Block: Buckler           |       |     7 ||     7

Table legend: (Time is in decaauts)
 A = Elapsed time spent in this place.
 B = Non-inter-level travel time spent in this place.
 C = Inter-level travel time spent in this place.
 D = Time resting spent in this place.
 E = Time spent auto-exploring this place.
 F = Levels seen in this place.
 G = Mean time per level.
                   A        B        C        D        E       F      G
               +--------+--------+--------+--------+--------+-----+--------+
         Total |    550 |    550 |      0 |     23 |    162 |   2 |  275.0 |
       Dungeon |    550 |    550 |      0 |     23 |    162 |   2 |  275.0 |
               +--------+--------+--------+--------+--------+-----+--------+

Top non-repeatable levels by time:
     D:5: 500 daAuts
     D:6: 50 daAuts
